 Dungeon Crawl Stone Soup version 0.29.1 (webtiles) character file.

Game seed: 13714455540584945850

74 qw the Chopper (level 4, -2/28 HPs)
             Began as a Gargoyle Fighter on Sept 13, 2022.
             Slain by Grinder (9 damage)
             ... on level 3 of the Dungeon.
             The game lasted 00:00:43 (2122 turns).

qw the Chopper (Gargoyle Fighter)                   Turns: 2122, Time: 00:00:43

Health: -2/28      AC:  0    Str: 21    XL:     4   Next: 28%
Magic:  4/4        EV: 17    Int:  9    God:
Gold:   183        SH:  0    Dex: 14    Spells: 3/3 levels left

rFire   . . .      SeeInvis .   (weapon currently unavailable)
rCold   . . .      Faith    .   (shield currently unavailable)
rNeg    + . .      Spirit   .   (body armour currently unavailable)
rPois   inf        Reflect  .   (helmet currently unavailable)
rElec   .          Harm     .   (cloak currently unavailable)
rCorr   .          Rampage  .   (gloves currently unavailable)
Will    .....                   (boots currently unavailable)
Stlth   +.........              (no amulet)
HPRegen 0.09/turn               (ring currently unavailable)
MPRegen 0.09/turn               (ring currently unavailable)

@: bat-form, flying, very quick
A: fast, flying, no casting, sickness immunity, AC +3, tiny, negative energy
resistance 1, (electricity resistance), torment resistance 1, petrification
resistance
a: no special abilities


You were on level 3 of the Dungeon.
You were a bat.
You visited 1 branch of the dungeon, and saw 3 of its levels.

You collected 183 gold pieces.


Innate Abilities, Weirdness & Mutations

You are a bat.
You are tiny and dextrous.
You move quickly.
You are flying.
Your equipment is almost entirely melded.
You are incapable of wielding weapons or throwing items.
You cannot cast spells.
You are immune to sickness and miasma.
((Your stone body is resilient. (AC +3)))
You are immune to poison.
You resist negative energy. (rN+)
((You are resistant to electric shocks. (rElec)))
You are resistant to unholy torment.
You are immune to petrification.


   Skills:
 - Level 3.2 Fighting
 - Level 4.0 Axes
 - Level 3.2 Armour
 + Level 0.0 Dodging
 - Level 3.2 Shields


You had 3 spell levels left.
You didn't know any spells.
Your spell library was empty.

Inventory:

Hand Weapons
 k - a +0 whip
 Y - a +0 war axe (melded)
Armour
 b - a +0 scale mail (melded)
 c - a +0 buckler (melded)
 h - a +0 pair of gloves (melded)
Jewellery
 e - a ring of fire
 g - a ring of protection from cold (melded)
 i - a +4 ring of evasion (melded)
Scrolls
 a - a scroll of teleportation
 f - a scroll of identify
 m - a scroll of amnesia {unknown}
 n - a scroll of enchant weapon {unknown}
Potions
 d - 3 potions of might
 j - a potion of curing
 l - a potion of invisibility
 o - a potion of brilliance {unknown}

Dungeon Overview and Level Annotations

Branches:
Dungeon (3/15)

Altars:

Annotations:
D:3 Grinder


Message History

Enter note: You hit the endoplasm.
You kill the endoplasm!
You now have 183 gold pieces (gained 13).
Grinder comes into view.
She is carrying a wand of polymorph (8).
Grinder shouts!
2105 ||| Stepping ~*~*~tactically~*~*~ (hiding).
You start waiting.
Grinder is nearby!
Grinder drinks a potion.
Grinder flickers and vanishes!
Deactivating autopickup; reactivate with Ctrl-A.
You miss something. You miss something. Something hits you.
You writhe in agony.
Something hits you but does no damage.
You barely miss something. You block something's attack.
You miss something.
You hear a zap.
You turn into a bat.
Your +0 war axe melds into your body.
Your +0 pair of gloves melds into your body.
Your +0 buckler melds into your body.
Your +0 scale mail melds into your body.
Your +4 ring of evasion melds into your body.
Your ring of protection from cold melds into your body.
You barely miss something. Something hits you.
You writhe in agony.
You closely miss something.
You swing at nothing.
You swing at nothing.
You swing at nothing.
Something tries to affect you, but you resist.
You swing at nothing.
Something tries to affect you, but you resist.
You swing at nothing.
You swing at nothing.
You barely miss something. Something hits you!
You writhe in agony.
You swing at nothing.
Something hits you!
You die...

####### ### #.....# ..
#.....# #. #.....+
#.##.#####.....#
#....b.........# . ###
####.####.##+####....(
#.#.......#>.......
#.#.##.####...#...
#.#.#...........#.
#.#....####......
#.####.####.#.#.#
#............<#.#
######..........#


There were no monsters in sight!

Vanquished Creatures
  An adder (D:2)
  A worm (D:2)
  3 dart slugs
  7 ball pythons (D:1)
  2 bats (D:2)
  7 endoplasms
  A giant cockroach (D:3)
  3 goblins
  7 hobgoblins
  6 quokkas
  A frilled lizard (D:1)
  4 kobolds
  6 rats
49 creatures vanquished.

Vanquished Creatures (others)
  7 demonic plants (D:2)
  4 fungi (D:2)
  5 plants (D:2)
  3 withered plants (D:2)
19 creatures vanquished.

Grand Total: 68 creatures vanquished

Notes
Turn   | Place    | Note
-------+----------+-------------------------------------------
     0 | D:1      | qw the Gargoyle Fighter began the quest for the Orb.
     0 | D:1      | Reached XP level 1. HP: 14/14 MP: 1/1
     0 | D:1      | 0 ||| qw: Version: 0.1-a-119-g272c26d
     0 | D:1      | 0 ||| qw: Game counter: 11216
     0 | D:1      | 0 ||| qw: Always use a shield: true
     0 | D:1      | 0 ||| qw: God list: Okawaru
     0 | D:1      | 0 ||| qw: Allow faded altars: false
     0 | D:1      | 0 ||| qw: Do Orc after D:15 true
     0 | D:1      | 0 ||| qw: Do second Lair branch before Depths: true
     0 | D:1      | 0 ||| qw: Lair rune preference: random
     0 | D:1      | 0 ||| qw: Plans: Normal, Zot, God:TSO, Crypt, Tomb, Pan,
                  | Slime, Hells, Zig, Abyss, Orb
     0 | D:1      | 0 ||| PLANNING D:1-11
    49 | D:1      | Reached skill level 2 in Axes
   158 | D:1      | Reached XP level 2. HP: 17/19 MP: 2/2
   371 | D:1      | Reached skill level 3 in Axes
   392 | D:1      | Reached XP level 3. HP: 23/23 MP: 3/3
   930 | D:1      | 930 ||| UPGRADING to +0 pair of gloves.
   935 | D:1      | 935 ||| UPGRADING to +4 ring of evasion.
   936 | D:1      | 936 ||| READING 2 scrolls labelled DIFIANK UTYP.
   939 | D:1      | 939 ||| READING scroll labelled LINIUGIUNUS.
  1062 | D:2      | Found a faded altar of an unknown god.
  1348 | D:2      | Reached XP level 4. HP: 28/28 MP: 4/4
  1620 | D:2      | 1620 ||| UPGRADING to ring of protection from cold.
  1621 | D:2      | 1621 ||| READING scroll labelled OZXICU IPUAMP.
  1622 | D:2      | 1622 ||| DRINKING 2 fizzy pink potions.
  1623 | D:2      | 1623 ||| READING 2 scrolls of identify.
  1623 | D:2      | 1623 ||| IDENTIFYING sedimented clear potion
  1624 | D:2      | 1624 ||| DROPPING potion of ambrosia.
  1812 | D:3      | 1812 ||| Stepping ~*~*~tactically~*~*~ (stealth).
  2000 | D:3      | 2000 ||| Stepping ~*~*~tactically~*~*~ (hiding).
  2006 | D:3      | Reached skill level 4 in Axes
  2104 | D:3      | Noticed Grinder
  2105 | D:3      | 2105 ||| Stepping ~*~*~tactically~*~*~ (hiding).
  2121 | D:3      | HP: 7/28 [something (2)]
  2122 | D:3      | Slain by Grinder

Levels and vault maps discovered:
D:1:      eino_arrival_cavern_e, layout_loops_ring
D:2:      layout_basic, shapermc_ecumenical_altar_gd
D:3:      layout_basic, nicolae_titane, uniq_grinder

Skill      XL: |  1  2  3  4 |
---------------+-------------+-----
Axes           | 2 3 4 |  4.0
Fighting       | |  3.2
Armour         | |  3.2
Shields        | |  3.2

Action                   |  1- 3 |  4- 6 || total
-------------------------+-------+-------++-------
Melee: War axe           |    81 |    28 ||   109
       Unarmed           |       |     3 ||     3
  Use: Scroll            |     2 |     2 ||     4
       Potion            |       |     1 ||     1
Armor: Scale mail        |    22 |     6 ||    28
Dodge: Dodged            |    39 |    11 ||    50
Block: Buckler           |    14 |     5 ||    19

Table legend:
 A = Non-vault XP
 B = Vault XP
 C = Vault XP percentage of total XP
 D = Non-vault monster count
 E = Vault monster count
 F = Vault count percentage of total count
                 A         B        C        D         E       F
            +---------+---------+-------+---------+---------+-------
      Total |     106 |       0 |   0.0 |      49 |       0 |   0.0
            +---------+---------+-------+---------+---------+-------
        D:1 |      48 |       0 |   0.0 |      26 |       0 |   0.0
        D:2 |      34 |       0 |   0.0 |      11 |       0 |   0.0
        D:3 |      24 |       0 |   0.0 |      12 |       0 |   0.0
            +---------+---------+-------+---------+---------+-------
